AoeStats
← ralfyhookupjanian

Marketplace

505079746Analyzed
1v1 RM · 25d ago on Sep 7, 2026· 78m 52s· 2 players
Game mode
Random Map
Map size
Tiny (2 player)
Population
200
Speed
Normal
Resources
Standard
Victory
Conquest
Starting age
Dark Age
Ending age
Imperial Age
RankedLock teamsTeams togetherTeam positionsShared explorationLock speedFull tech treeHidden civsTurbo modeCheats
Victory
Defeat
🇬🇧 Mapuche · United Kingdom
1184
+16
🇺🇸 Armenians · United States
1176
-16
ralfyhookupjanian
11:43 Feudal Age
12:04 Man-at-Arms
14:12 Loom
19:48 Castle Age
18:49 Double-Bit Axe
19:56 Stone Mining
20:00 Gold Mining
21:27 Fletching
23:16 Squires
25:22 Bodkin Arrow
25:28 Scale Mail Armor
26:38 Bow Saw
31:23 Chain Mail Armor
35:06 Imperial Age
32:53 Long Swordsman
35:02 Wheelbarrow
34:12 Horse Collar
37:44 Ballistics
37:35 Masonry
38:36 Capped Ram
39:36 Bracer
40:22 Elite Skirmisher
42:16 Plate Mail Armor
42:16 Two-Handed Swordsman
45:14 Fereters
45:56 Forging
47:04 Heavy Plow
51:06 Padded Archer Armor
51:42 Iron Casting
52:21 Elite Composite Bowman
62:11 Block Printing
63:15 Caravan
64:10 Theocracy
64:20 Conscription
64:29 Murder Holes
67:51 Redemption
68:11 Illumination
67:53 Gambesons
Andrewq ¯\_(ツ)_/¯
8:42 Loom
10:33 Feudal Age
11:15 Loom
11:34 Double-Bit Axe
12:11 Horse Collar
17:59 Castle Age
16:42 Champi Runner
17:36 Forging
17:27 Scale Mail Armor
19:31 Champi Warrior
19:37 Champi Warrior
21:00 Bow Saw
21:08 Heavy Plow
22:25 Gold Mining
22:57 Arson
24:11 Iron Casting
23:51 Chain Mail Armor
25:54 Town Watch
26:51 Wheelbarrow
27:28 Chain Mail Armor
27:54 Caravan
32:29 Elite Skirmisher
36:19 Imperial Age
34:13 Fletching
34:36 Stone Mining
34:11 Pikeman
36:30 Padded Archer Armor
36:25 Bodkin Arrow
37:46 Leather Archer Armor
38:02 Ballistics
37:23 Treadmill Crane
38:21 Conscription
38:12 Malon
39:15 Hand Cart
42:02 Chemistry
40:58 Murder Holes
41:55 Crop Rotation
42:01 Gold Shaft Mining
42:02 Stone Shaft Mining
43:13 Elite Bolas Rider
44:11 Elite Champi Warrior
45:00 Halberdier
46:20 Stone Shaft Mining
46:25 Ring Archer Armor
47:03 Blast Furnace
46:33 Plate Mail Armor
46:29 Masonry
46:52 Town Patrol
50:03 Plate Mail Armor
48:59 Crossbowman
49:06 Capped Ram
49:07 Onager
49:08 Heavy Scorpion
50:28 Architecture
50:18 Siege Engineers
51:39 Elite Kona
52:26 Butalmapu
52:56 Hoardings
71:08 Spies/Treason
Connection lost

Rejoining the realm…

Still unreachable

The connection could not be restored.

Session expired

The server has moved on; the page needs a fresh start.